 Dungeon Crawl Stone Soup version 0.30.0-15-g856e2d3f33 (webtiles) character file.

Game seed: 5437018082941788289

104762 qw the Severer (level 16, -12/103 HPs)
             Began as a Gargoyle Fighter on May 21, 2023.
             Was a High Priest of Okawaru.
             Mangled by an orc knight
             ... wielding a +0 bardiche
              (34 damage)
             ... on level 1 of the Orcish Mines.
             The game lasted 00:13:15 (24408 turns).

qw the Severer (Gargoyle Fighter)                  Turns: 24408, Time: 00:13:15

Health: -12/103    AC: 40    Str: 29    XL:     16   Next: 39%
Magic:  18/23      EV: 19    Int: 11    God:    Okawaru [*****.]
Gold:   394        SH: 20    Dex:  9    Spells: 15/15 levels left

rFire   . . .        A - +3 broad axe (venom)
rCold   . . .        a - +2 kite shield {rN+}
rNeg    + + .        j - +0 plate armour
rPois   inf          G - +1 helmet of the Valley of Death {Str+3}
rElec   +            B - +1 cloak of Starlight {*Dazzle EV+4 Stlth--}
rCorr   .            q - +2 pair of gloves {Stlth+}
SInv    +            l - +0 pair of boots
Will    +....        v - amulet of reflection Stlth
                     F - +5 ring of evasion
HPRegen 0.37/turn    x - ring of see invisible
MPRegen 0.18/turn

%: reflection
@: heroic, flying
A: sickness immunity, AC +12, big wings, negative energy resistance 1,
electricity resistance, torment resistance 1, petrification resistance
a: Renounce Religion, Heroism, Finesse, Duel


You were on level 1 of the Orcish Mines.
You worshipped Okawaru.
Okawaru was extremely pleased with you.
You visited 4 branches of the dungeon, and saw 22 of its levels.
You visited the Abyss 2 times.
You also visited: Gauntlet.

You collected 1977 gold pieces.
You spent 1583 gold pieces at shops.


Innate Abilities, Weirdness & Mutations

You are immune to sickness and miasma.
Your stone body is resilient. (AC +12)
You are immune to poison.
Your large and strong wings let you fly.
You resist negative energy. (rN+)
You are resistant to electric shocks. (rElec)
You are resistant to unholy torment.
You are immune to petrification.


   Skills:
 + Level 12.5(17.5) Fighting
 - Level 17.0(22.0) Axes
 - Level 7.0(12.0) Throwing
 - Level 12.0(17.0) Armour
 - Level 3.0(8.0) Dodging
 - Level 13.0(18.0) Shields
 - Level 10.0 Invocations


You had 15 spell levels left.
You didn't know any spells.
Your spell library was empty.

Inventory:

Hand Weapons
 k - a +0 morningstar
 A - a +3 broad axe of venom (weapon)
 E - the +8 war axe "Leatauri" {freeze, *Slow rF+ Dex+2}
   (You found it on level 13 of the Dungeon)

   Dex:       It affects your dexterity (+2).
   rF:        It protects you from fire.
   *Slow:     It may slow you when you take damage.
Missiles
 t - 11 javelins (quivered)
 w - 8 boomerangs
 C - a silver boomerang
Armour
 a - a +2 kite shield of positive energy (worn)
 j - a +0 plate armour (worn)
 l - a +0 pair of boots (worn)
 o - the +0 robe of Divine Compulsion {rC+ rCorr Int+5}
   (You found it on level 6 of the Dungeon)

   Int:       It affects your intelligence (+5).
   rC:        It protects you from cold.
   rCorr:     It protects you from acid and corrosion.
 q - a +2 pair of gloves of stealth (worn)
 B - the +1 cloak of Starlight (worn) {*Dazzle EV+4 Stlth--}
   (You bought it in a shop on level 11 of the Dungeon)

   *Dazzle:   It may blind those who miss an attack against the wearer in melee
   combat.
   EV:        It affects your evasion (+4).
   Stlth:     It makes you much less stealthy.
 G - the +1 helmet of the Valley of Death (worn) {Str+3}
   (You bought it in a shop on level 15 of the Dungeon)

   Str:       It affects your strength (+3).
Jewellery
 u - a ring of fire
 v - an amulet of reflection (around neck)
 x - a ring of see invisible (right hand)
 y - the amulet of Red Wine {RegenMP Drain rCorr Int+3 Slay+3}
   (You found it on level 5 of the Lair of Beasts)

   [amulet of magic regeneration]

   It increases your rate of magic regeneration.
   Int:       It affects your intelligence (+3).
   Slay:      It affects your accuracy & damage with ranged weapons and melee
   (+3).
   rCorr:     It protects you from acid and corrosion.
   Drain:     It drains your maximum health when unequipped.
 z - a ring of protection from fire
 D - a +6 ring of strength
 F - a +5 ring of evasion (left hand)
 Y - a ring of resist corrosion
Wands
 e - a wand of digging (7)
Scrolls
 g - 12 scrolls of identify
 h - a scroll of teleportation
Potions
 b - 3 potions of heal wounds
 c - 2 potions of haste
 d - 4 potions of might
 f - 9 potions of curing
 m - 2 potions of attraction
 p - 4 potions of resistance
 r - 3 potions of mutation
 s - 2 potions of magic

Dungeon Overview and Level Annotations

Branches:
Dungeon (15/15)            Temple (1/1) D:7            Lair (5/5) D:8
 Shoals (0/4) Lair:2        Snake (0/4) Lair:3        Slime (0/5) Lair:5
    Orc (1/2) D:10         Vaults (0/5) D:14         Depths (0/4) D:15
Gauntlet (visited)

Altars:
Ashenzari
Cheibriados
Dithmenos
Elyvilon
Fedhas
Gozag
Hepliaklqana
Kikubaaqudgha
Makhleb
Nemelex Xobeh
Okawaru
Qazlal
Ru
Sif Muna
Trog
Uskayaw
Vehumet
Wu Jian
Xom
Yredelemnul
Zin
The Shining One
Jiyva

Shops:
D:3 *   D:4 (   D:11 [   D:15 *

Annotations:
D:8 2 transporters, qw's ghost, novice GrFi
D:15 4 transporters
Lair:5 1 runed translucent door
Orc:1 3 runed translucent doors, Dinant's ghost, journeyman DsMo


Message History

The orc knight closely misses you.
The orc knight roars a battlecry!
The orc knight hits you but does no damage.
You hear a shout!
You hit the orc knight but do no damage.
The orc knight looks as sick as possible!
The orc knight is moderately wounded.
You closely miss the orc knight. You closely miss the orc knight.
The orc knight is moderately wounded.
You hit the orc knight but do no damage.
The orc knight looks as sick as possible!
The orc knight no longer looks unusually strong. x2
The orc knight hits you with a +0 great sword.
You block the orc knight's attack. The orc knight barely misses you.
You slice the orc knight!!
The orc knight looks as sick as possible!
The orc knight is severely wounded.
You hit the orc knight but do no damage.
The orc knight looks as sick as possible!
The orc knight no longer looks unusually strong.
The orc knight roars a battlecry!
The orc knights go into a battle-frenzy!
An orc priest comes into view. It is wielding a +0 flail.
The orc knight closely misses you. You block the orc knight's attack.
The orc knight completely misses you.
You hit the orc knight.
The orc knight looks as sick as possible!
The orc knight is severely wounded.
You slice the orc knight!! You hit the orc knight.
The orc knight looks as sick as possible!
The orc knight no longer looks unusually strong.
The orc priest no longer looks unusually strong.
The orc knight hits you with a +2 battleaxe!!!
An orc comes into view. It is wielding a +0 dagger. x2
The orc knight roars a battlecry!
The orcs go into a battle-frenzy!
You block the orc knight's attack.
The orc knight hits you with a +0 bardiche!!
You die...

..................
..........)......#.
....>..............
...........#.......
..........))............
........................
.........)......##......
.....oo)...).....#......
#....oo@............#...
.#...oo#................
...#..o##.....#.........
P. ###o ###.............
oo ###........... oo
#...........


.oo ##.......... .oo #........... ##.....)..#. You could see 6 orc knights, 2
orc warriors, an orc priest (strong) and 7 orcs.

Vanquished Creatures
  A tentacled starspawn (Abyss:2)
  2 very ugly things
  A dire elephant (D:15)
  A yellow draconian (Abyss:2)
  A minotaur (Gauntlet)
  Snorg (Lair:5)
  Fannar (D:11)
  3 hydras
  A rakshasa (D:15)
  Harold (D:11)
  2 vault guards (D:14)
  2 catoblepae
  A boulder beetle (D:13)
  3 two-headed ogres
  A death knight (D:14)
  2 centaur warriors (D:14)
  A hell hog (Gauntlet)
  2 thrashing horrors (Abyss:2)
  5 skysharks
  2 soul eaters (D:15)
  4 skeletal warriors (D:14)
  A goliath frog (Lair:5)
  A deep elf pyromancer (D:15)
  Pikel (D:4)
  4 wizards
  2 harpies (Lair:2)
  4 orc knights
  An orc sorcerer (D:15)
  4 cyclopes
  27 ugly things
  A wolf spider (D:15)
  4 large abominations (Abyss:2)
  3 manticores
  4 worldbinders
  22 elephants
  A rust devil (D:15)
  A naga mage (D:15)
  11 slime creatures
  4 black mambas
  A torpor snail (Lair:3)
  3 gargoyles
  3 orange demons
  3 smoke demons
  18 cane toads
  A rime drake (Lair:3)
  A tormentor (Abyss:2)
  9 komodo dragons
  An ice devil (Gauntlet)
  3 hellwings (D:15)
  A red devil (D:15)
  8 raiju (Abyss:2)
  6 trolls
  A polar bear (Lair:5)
  2 tyrant leeches (Lair:5)
  39 blink frogs
  A hornet (D:9)
  17 dream sheep (Lair:5)
  A vampire (D:11)
  2 wyverns
  A ynoxinul (D:15)
  A centaur simulacrum (D:15)
  9 starcursed masses (Abyss:2)
  A wraith (Abyss:2)
  9 humans (D:14)
  3 fire bats (Gauntlet)
  42 yaks
  2 basilisks
  5 vampire mosquitoes (Lair:5)
  Grum (Lair:1)
  2 chaos spawn
  A neqoxec (D:15)
  2 nagas (Lair:3)
  3 wargs (Orc:1)
  An acid dragon (D:13)
  7 water moccasins
  2 hell hounds (Gauntlet)
  13 orc warriors
  2 sky beasts (D:8)
  7 black bears (D:8)
  An ice beast (D:7)
  4 ogres
  15 wolves
  5 centaurs
  A boggart (Gauntlet)
  A phantom (D:7)
  20 bullfrogs
  3 gnoll sergeants
  2 scorpions (D:5)
  3 kobold brigands
  5 small abominations (Abyss:2)
  An earth elemental (Abyss:2)
  13 killer bees
  3 electric eels (Lair:5)
  4 howler monkeys
  A quasit (Abyss:2)
  14 orc priests
  3 hounds
  2 iron imps (Abyss:2)
  Ijyb (D:4)
  2 sleepcaps
  Natasha (twice) (D:3 D:2)
  2 iguanas
  21 orc wizards
  15 gnolls
  8 adders
  A shadow imp (Abyss:2)
  8 white imps
  An ufetubus (D:6)
  2 worms
  A dart slug (D:2)
  54 orcs
  5 ball pythons
  5 bats
  2 endoplasms (D:4)
  2 giant cockroaches
  7 goblins
  12 hobgoblins
  8 quokkas
  20 kobolds
  8 rats
  A starspawn tentacle (Abyss:2)
658 creatures vanquished.

Vanquished Creatures (others)
  Sonja (Lair:5)
  A human (D:14)
  A lurking horror (Abyss:2)
  A starspawn tentacle (Abyss:2)
4 creatures vanquished.

Grand Total: 662 creatures vanquished

Notes
Turn   | Place    | Note
-------+----------+-------------------------------------------
     0 | D:1      | qw the Gargoyle Fighter began the quest for the Orb.
     0 | D:1      | Reached XP level 1. HP: 14/14 MP: 1/1
     0 | D:1      | 0 ||| qw: Version: 0.2-a-98-g270134b
     0 | D:1      | 0 ||| qw: Game counter: 10
     0 | D:1      | 0 ||| qw: Always use a shield: true
     0 | D:1      | 0 ||| qw: God list: Okawaru
     0 | D:1      | 0 ||| qw: Allow faded altars: false
     0 | D:1      | 0 ||| qw: Do Orc after D:15 true
     0 | D:1      | 0 ||| qw: Do second Lair branch before Depths: true
     0 | D:1      | 0 ||| qw: Lair rune preference: random
     0 | D:1      | 0 ||| qw: Plans: Normal, Zot:1-4, God:TSO, Crypt, Tomb,
                  | Pan, Slime:5, Hells, Abyss, Win
     0 | D:1      | 0 ||| PLANNING D:1-11
   193 | D:1      | Reached skill level 2 in Axes
   194 | D:1      | 194 ||| Stepping ~*~*~tactically~*~*~ (stealth).
   195 | D:1      | 195 ||| Stepping ~*~*~tactically~*~*~ (stealth).
   196 | D:1      | 196 ||| Stepping ~*~*~tactically~*~*~ (stealth).
   197 | D:1      | 197 ||| Stepping ~*~*~tactically~*~*~ (stealth).
   198 | D:1      | 198 ||| Stepping ~*~*~tactically~*~*~ (stealth).
   199 | D:1      | 199 ||| Stepping ~*~*~tactically~*~*~ (stealth).
   269 | D:1      | Reached XP level 2. HP: 15/19 MP: 2/2
   813 | D:1      | 813 ||| DROPPING ring of magical power.
   814 | D:1      | 814 ||| READING scroll labelled RIAHOXK WYWI.
   815 | D:1      | 815 ||| READING scroll labelled BOEME HAULYIQE.
   815 | D:1      | Identified a scroll of acquirement
   815 | D:1      | 815 ||| ACQUIRING +2 kite shield of positive energy
   815 | D:1      | Acquired a +2 kite shield of positive energy
   817 | D:1      | 817 ||| UPGRADING to +2 kite shield of positive energy.
   827 | D:1      | 827 ||| DROPPING +0 buckler.
   828 | D:1      | 828 ||| READING scroll labelled PEBREI AHUI.
  1000 | D:2      | 1000 ||| Stepping ~*~*~tactically~*~*~ (hiding).
  1001 | D:2      | 1001 ||| Stepping ~*~*~tactically~*~*~ (hiding).
  1014 | D:2      | Reached skill level 3 in Axes
  1015 | D:2      | Reached XP level 3. HP: 23/23 MP: 3/3
  1188 | D:2      | 1188 ||| Stepping ~*~*~tactically~*~*~ (stealth).
  1189 | D:2      | 1189 ||| Stepping ~*~*~tactically~*~*~ (stealth).
  1193 | D:2      | 1193 ||| Stepping ~*~*~tactically~*~*~ (stealth).
  1407 | D:2      | 1407 ||| READING scroll labelled YNKELL BEIRU.
  1412 | D:2      | 1412 ||| READING scroll labelled CONICA JOQAUSU.
  1429 | D:3      | Found Keyrchuh's Assorted Antiques.
  1429 | D:3      | Noticed Natasha
  1437 | D:3      | Killed Natasha
  1438 | D:3      | Reached XP level 4. HP: 9/28 MP: 4/4
  1561 | D:3      | 1561 ||| BUYING black potion (22 gold).
  1561 | D:3      | Bought a black potion for 22 gold pieces
  1561 | D:3      | 1561 ||| BUYING fizzy inky potion (22 gold).
  1561 | D:3      | Bought a fizzy inky potion for 22 gold pieces
  1561 | D:3      | 1561 ||| BUYING fizzy inky potion (22 gold).
  1561 | D:3      | Bought a fizzy inky potion for 22 gold pieces
  1561 | D:3      | 1561 ||| SHOPLISTING plate armour (575 gold, have 13).
  1561 | D:3      | 1561 ||| SHOPLISTING scroll labelled PETSOE RUTECH (25
                  | gold, have 13).
  1561 | D:3      | 1561 ||| SHOPLISTING scroll of identify (50 gold, have 13).
  1561 | D:3      | 1561 ||| SHOPLISTING scroll of teleportation (75 gold, have
                  | 13).
  1561 | D:3      | 1561 ||| SHOPLISTING tapered ivory wand (100 gold, have
                  | 13).
  1577 | D:3      | 1577 ||| Stepping ~*~*~tactically~*~*~ (hiding).
  1587 | D:3      | Reached skill level 4 in Axes
  1614 | D:3      | 1614 ||| DROPPING +0 club.
  1641 | D:3      | Noticed Natasha
  1648 | D:3      | HP: 5/28 [Natasha (7)]
  1649 | D:3      | 1649 ||| READING scroll of teleportation.
  1789 | D:3      | 1789 ||| Stepping ~*~*~tactically~*~*~ (stealth).
  1790 | D:3      | 1790 ||| Stepping ~*~*~tactically~*~*~ (stealth).
  1800 | D:3      | Reached XP level 5. HP: 32/32 MP: 5/5
  1979 | D:3      | 1979 ||| Stepping ~*~*~tactically~*~*~ (stealth).
  1980 | D:3      | 1980 ||| Stepping ~*~*~tactically~*~*~ (stealth).
  1982 | D:3      | 1982 ||| Stepping ~*~*~tactically~*~*~ (hiding).
  1985 | D:3      | 1985 ||| STAIRDANCE
  1989 | D:2      | Killed Natasha
  2011 | D:2      | 2011 ||| UPGRADING to +0 helmet.
  2016 | D:2      | 2016 ||| READING scroll labelled TAGHAEDW VISY.
  2017 | D:2      | 2017 ||| READING scroll labelled MOMMOCSIEGO.
  2018 | D:2      | 2018 ||| READING 2 scrolls labelled XOINIBRI YNIAC.
  2019 | D:2      | 2019 ||| READING scroll labelled MOCENA IRPHECH.
  2020 | D:2      | 2020 ||| DRINKING 2 black potions.
  2021 | D:2      | 2021 ||| DRINKING 2 fizzy inky potions.
  2022 | D:2      | 2022 ||| READING 2 scrolls of identify.
  2022 | D:2      | 2022 ||| IDENTIFYING fizzy grey potion
  2023 | D:2      | 2023 ||| DROPPING potion of brilliance.
  2024 | D:2      | 2024 ||| DROPPING scroll of amnesia.
  2056 | D:3      | 2056 ||| Stepping ~*~*~tactically~*~*~ (stealth).
  2063 | D:3      | 2063 ||| Stepping ~*~*~tactically~*~*~ (stealth).
  2297 | D:3      | 2297 ||| UPGRADING to amulet of guardian spirit.
  2302 | D:3      | 2302 ||| READING scroll labelled OKU ENAMYG.
  2378 | D:4      | Noticed Ijyb
  2379 | D:4      | Noticed an ogre
  2380 | D:4      | 2380 ||| Stepping ~*~*~tactically~*~*~ (hiding).
  2386 | D:4      | Killed an ogre
  2387 | D:4      | Reached XP level 6. HP: 28/37 MP: 4/6
  2394 | D:4      | HP: 7/37 [Ijyb/puff of flame (7)]
  2395 | D:4      | 2395 ||| READING scroll of teleportation.
  2396 | D:4      | 2396 ||| DRINKING potion of heal wounds.
  2454 | D:4      | Killed Ijyb
  2511 | D:4      | Reached skill level 5 in Axes
  2540 | D:4      | Reached skill level 1 in Dodging
  2540 | D:4      | Reached XP level 7. HP: 15/43 MP: 2/7
  2556 | D:4      | HP: 10/43 [killer bee (3)]
  2684 | D:4      | 2684 ||| READING 2 scrolls of identify.
  2684 | D:4      | 2684 ||| IDENTIFYING fuming blue potion
  2685 | D:4      | 2685 ||| DROPPING potion of degeneration.
  2794 | D:4      | Found Qeafif's Weapon Shoppe.
  2965 | D:4      | 2965 ||| READING scroll labelled KACVOG BAYMP.
  2967 | D:4      | 2967 ||| READING scroll labelled MIFIFE HAESI.
  2987 | D:4      | 2987 ||| Stepping ~*~*~tactically~*~*~ (stealth).
  2991 | D:4      | 2991 ||| Stepping ~*~*~tactically~*~*~ (stealth).
  3021 | D:4      | Noticed Pikel
  3030 | D:4      | Killed Pikel
  3031 | D:4      | Reached skill level 7 in Axes
  3031 | D:4      | Reached XP level 8. HP: 45/48 MP: 5/8
  3054 | D:4      | 3054 ||| DROPPING +0 mace.
  3157 | D:4      | Reached skill level 6 in Shields
  3269 | D:4      | You fall into a shaft and drop 2 floors!
  3299 | D:6      | HP: 12/48 [gnoll/+0 halberd[a gnoll sergeant] (8)]
  3300 | D:6      | HP: 3/49 [gnoll/+0 halberd[a gnoll sergeant] (10)]
  3301 | D:6      | 3301 ||| READING scroll of teleportation.
  3302 | D:6      | 3302 ||| DRINKING potion of heal wounds.
  3417 | D:6      | 3417 ||| UPGRADING to +0 plate armour.
  3427 | D:6      | 3427 ||| DROPPING +0 scale mail.
  3428 | D:6      | 3428 ||| UPGRADING to +0 pair of boots.
  3438 | D:5      | Entered Level 5 of the Dungeon
  3472 | D:5      | 3472 ||| Stepping ~*~*~tactically~*~*~ (stealth).
  3474 | D:5      | 3474 ||| Stepping ~*~*~tactically~*~*~ (stealth).
  3476 | D:5      | 3476 ||| Stepping ~*~*~tactically~*~*~ (stealth).
  3477 | D:5      | 3477 ||| Stepping ~*~*~tactically~*~*~ (stealth).
  3890 | D:5      | 3890 ||| STAIRDANCE
  3894 | D:5      | 3894 ||| STAIRDANCE
  3898 | D:5      | 3898 ||| STAIRDANCE
  3902 | D:5      | 3902 ||| STAIRDANCE
  3906 | D:5      | 3906 ||| STAIRDANCE
  3910 | D:5      | 3910 ||| STAIRDANCE
  3914 | D:5      | 3914 ||| STAIRDANCE
  3918 | D:5      | 3918 ||| STAIRDANCE
  3922 | D:5      | 3922 ||| STAIRDANCE
  3926 | D:5      | 3926 ||| STAIRDANCE
  3930 | D:5      | 3930 ||| STAIRDANCE
  3934 | D:5      | 3934 ||| STAIRDANCE
  3938 | D:5      | 3938 ||| STAIRDANCE
  3942 | D:5      | 3942 ||| STAIRDANCE
  3946 | D:5      | 3946 ||| STAIRDANCE
  3950 | D:5      | 3950 ||| STAIRDANCE
  3954 | D:5      | 3954 ||| STAIRDANCE
  3958 | D:5      | 3958 ||| STAIRDANCE
  3962 | D:5      | 3962 ||| STAIRDANCE
  3966 | D:5      | 3966 ||| STAIRDANCE
  3988 | D:5      | 3988 ||| READING scroll of enchant armour.
  3988 | D:5      | 3988 ||| ENCHANTING +0 helmet.
  4009 | D:5      | 4009 ||| READING 2 scrolls of brand weapon.
  4009 | D:5      | 4009 ||| BRANDING +0 war axe of freezing.
  4010 | D:5      | 4010 ||| READING scroll of brand weapon.
  4010 | D:5      | 4010 ||| BRANDING +0 war axe of electrocution.
  4428 | D:5      | 4428 ||| UPGRADING to ring of see invisible.
  4462 | D:6      | 4462 ||| DROPPING +0 whip of flaming.
  4540 | D:6      | Reached XP level 9. HP: 54/54 MP: 7/9
  4659 | D:6      | Identified the +0 robe of Divine Compulsion {rC+ rCorr
                  | Int+5}
  4681 | D:6      | 4681 ||| Stepping ~*~*~tactically~*~*~ (hiding).
  4682 | D:6      | 4682 ||| Stepping ~*~*~tactically~*~*~ (hiding).
  4711 | D:6      | 4711 ||| Stepping ~*~*~tactically~*~*~ (hiding).
  4758 | D:6      | Found a bloodstained altar of Trog.
  4770 | D:6      | Found a snail-covered altar of Cheibriados.
  4911 | D:6      | 4911 ||| READING scroll labelled TODWOY NYGOGIO.
  4912 | D:6      | 4912 ||| DRINKING 3 green potions.
  4945 | D:7      | 4945 ||| Stepping ~*~*~tactically~*~*~ (hiding).
  4972 | D:7      | Reached skill level 8 in Axes
  5034 | D:7      | 5034 ||| Stepping ~*~*~tactically~*~*~ (hiding).
  5048 | D:7      | 5048 ||| Stepping ~*~*~tactically~*~*~ (stealth).
  5050 | D:7      | 5050 ||| Stepping ~*~*~tactically~*~*~ (hiding).
  5115 | D:7      | Found a staircase to the Ecumenical Temple.
  5116 | D:7      | 5116 ||| PLANNING TEMPLE
  5116 | D:7      | 5116 ||| READING 3 scrolls of identify.
  5116 | D:7      | 5116 ||| IDENTIFYING fuming purple potion
  5160 | Temple   | Entered the Ecumenical Temple
  5288 | Temple   | 5288 ||| PLANNING OKAWARU WORSHIP
  5578 | Temple   | Became a worshipper of Warmaster Okawaru
  5578 | Temple   | 5578 ||| PLANNING D:1-11
  5579 | Temple   | 5579 ||| REMOVING amulet of guardian spirit.
  5584 | Temple   | 5584 ||| DROPPING amulet of guardian spirit.
  5645 | D:7      | Reached skill level 6 in Fighting
  5655 | D:7      | 5655 ||| Stepping ~*~*~tactically~*~*~ (hiding).
  5680 | D:7      | 5680 ||| Stepping ~*~*~tactically~*~*~ (stealth).
  5682 | D:7      | 5682 ||| Stepping ~*~*~tactically~*~*~ (hiding).
  6195 | D:7      | 6195 ||| Stepping ~*~*~tactically~*~*~ (hiding).
  6364 | D:8      | 6364 ||| READING scroll of enchant armour.
  6364 | D:8      | 6364 ||| ENCHANTING +1 helmet.
  6432 | D:8      | Noticed a two-headed ogre
  6433 | D:8      | 6433 ||| Stepping ~*~*~tactically~*~*~ (hiding).
  6436 | D:8      | 6436 ||| Stepping ~*~*~tactically~*~*~ (hiding).
  6447 | D:8      | Killed a two-headed ogre
  6447 | D:8      | Reached * piety under Okawaru
  6448 | D:8      | Reached skill level 9 in Axes
  6448 | D:8      | Reached XP level 10. HP: 39/60 MP: 10/10
  6448 | D:8      | 6448 ||| INVOKING Heroism.
  6460 | D:8      | 6460 ||| INVOKING Heroism.
  6462 | D:8      | Reached skill level 1 in Invocations
  6475 | D:8      | 6475 ||| INVOKING Heroism.
  6477 | D:8      | Reached skill level 6 in Armour
  6488 | D:8      | Reached skill level 3 in Invocations
  6499 | D:8      | 6499 ||| INVOKING Heroism.
  6616 | D:8      | Found a staircase to the Lair.
  6670 | D:8      | 6670 ||| Stepping ~*~*~tactically~*~*~ (hiding).
  6708 | D:8      | 6708 ||| Stepping ~*~*~tactically~*~*~ (stealth).
  6709 | D:8      | 6709 ||| Stepping ~*~*~tactically~*~*~ (stealth).
  6723 | D:8      | 6723 ||| INVOKING Heroism.
  7014 | D:8      | Reached skill level 1 in Throwing
  7129 | D:8      | Noticed a two-headed ogre
  7131 | D:8      | Found a transporter.
  7135 | D:8      | Noticed an oklob plant
  7142 | D:8      | Noticed qw's ghost (novice GrFi)
  7142 | D:8      | Noticed an unseen horror
  7176 | D:8      | Found a transporter.
  7196 | D:8      | 7196 ||| PLANNING LAIR
  7196 | D:8      | 7196 ||| READING 2 scrolls of identify.
  7196 | D:8      | 7196 ||| IDENTIFYING coppery potion
  7197 | D:8      | 7197 ||| DROPPING potion of flight.
  7225 | Lair:1   | Entered Level 1 of the Lair of Beasts
  7266 | Lair:1   | Identified the +3 leather armour "Polin" {+Inv rPois}
  7354 | Lair:1   | 7354 ||| INVOKING Heroism.
  7357 | Lair:1   | Reached ** piety under Okawaru
  7363 | Lair:1   | Reached skill level 9 in Shields
  7493 | Lair:1   | 7493 ||| INVOKING Heroism.
  7509 | Lair:1   | 7509 ||| INVOKING Heroism.
  7513 | Lair:1   | Reached skill level 10 in Axes
  7644 | Lair:1   | Noticed a cane toad
  7645 | Lair:1   | 7645 ||| INVOKING Heroism.
  7657 | Lair:1   | Killed a cane toad
  7658 | Lair:1   | Reached XP level 11. HP: 68/68 MP: 12/14
  7704 | Lair:1   | Noticed Grum
  7705 | Lair:1   | 7705 ||| INVOKING Heroism.
  7730 | Lair:1   | Reached skill level 3 in Throwing
  7730 | Lair:1   | Reached *** piety under Okawaru
  7735 | Lair:1   | Killed Grum
  7911 | Lair:1   | 7911 ||| INVOKING Heroism.
  7913 | Lair:1   | 7913 ||| Stepping ~*~*~tactically~*~*~ (stealth).
  8072 | Lair:1   | 8072 ||| INVOKING Heroism.
  8218 | Lair:1   | 8218 ||| INVOKING Heroism.
  8258 | Lair:1   | 8258 ||| INVOKING Heroism.
  8266 | Lair:1   | Reached skill level 11 in Axes
  8686 | Lair:1   | 8686 ||| UPGRADING to +2 pair of gloves of stealth.
  8691 | Lair:1   | 8691 ||| READING scroll labelled IMIUFU BIAWK.
  8692 | Lair:1   | 8692 ||| READING 2 scrolls of identify.
  8692 | Lair:1   | 8692 ||| IDENTIFYING fizzy coppery potion
  8888 | Lair:2   | 8888 ||| INVOKING Heroism.
  9177 | Lair:2   | 9177 ||| INVOKING Heroism.
  9177 | Lair:2   | Noticed a harpy
  9178 | Lair:2   | 9178 ||| Stepping ~*~*~tactically~*~*~ (stealth).
  9195 | Lair:2   | 9195 ||| Stepping ~*~*~tactically~*~*~ (stealth).
  9196 | Lair:2   | 9196 ||| Stepping ~*~*~tactically~*~*~ (stealth).
  9242 | Lair:2   | Noticed a harpy
  9250 | Lair:2   | 9250 ||| INVOKING Heroism.
  9253 | Lair:2   | Killed a harpy
  9262 | Lair:2   | Killed a harpy
  9262 | Lair:2   | Reached **** piety under Okawaru
  9330 | Lair:2   | Found a staircase to the Shoals.
  9439 | Lair:2   | 9439 ||| Stepping ~*~*~tactically~*~*~ (hiding).
  9629 | Lair:2   | 9629 ||| INVOKING Heroism.
  9716 | Lair:2   | 9716 ||| UPGRADING to amulet of reflection.
  9721 | Lair:2   | 9721 ||| READING scroll labelled XUWUYZEQEO.
  9722 | Lair:2   | 9722 ||| READING 2 scrolls labelled WARCHI OZYCIKHU.
  9723 | Lair:2   | 9723 ||| READING 5 scrolls of identify.
  9723 | Lair:2   | 9723 ||| IDENTIFYING smoky dark potion
  9724 | Lair:2   | 9724 ||| DROPPING scroll of blinking.
  9745 | Lair:3   | Noticed a catoblepas
  9746 | Lair:3   | 9746 ||| INVOKING Heroism.
  9760 | Lair:3   | Killed a catoblepas
  9765 | Lair:3   | Reached skill level 9 in Fighting
  9765 | Lair:3   | 9765 ||| STAIRDANCE
  9812 | Lair:3   | 9812 ||| Stepping ~*~*~tactically~*~*~ (stealth).
  9833 | Lair:3   | Reached XP level 12. HP: 76/76 MP: 15/15
  9863 | Lair:3   | 9863 ||| Stepping ~*~*~tactically~*~*~ (stealth).
  9919 | Lair:3   | 9919 ||| INVOKING Heroism.
 10042 | Lair:3   | 10042 ||| Stepping ~*~*~tactically~*~*~ (stealth).
 10044 | Lair:3   | 10044 ||| Stepping ~*~*~tactically~*~*~ (stealth).
 10071 | Lair:3   | 10071 ||| INVOKING Heroism.
 10073 | Lair:3   | Received a gift from Okawaru
 10074 | Lair:3   | Reached skill level 12 in Axes
 10224 | Lair:3   | 10224 ||| Stepping ~*~*~tactically~*~*~ (stealth).
 10231 | Lair:3   | Received a gift from Okawaru
 10247 | Lair:3   | Noticed an eight-headed hydra
 10248 | Lair:3   | 10248 ||| INVOKING Heroism.
 10252 | Lair:3   | 10252 ||| SWAPPING to +0 flail.
 10269 | Lair:3   | Killed an eight-headed hydra
 10270 | Lair:3   | Reached skill level 6 in Invocations
 10270 | Lair:3   | 10270 ||| SWAPPING to +1 war axe of venom.
 10392 | Lair:3   | 10392 ||| Stepping ~*~*~tactically~*~*~ (stealth).
 10393 | Lair:3   | 10393 ||| INVOKING Heroism.
 10469 | Lair:3   | 10469 ||| INVOKING Heroism.
 10477 | Lair:3   | 10477 ||| Stepping ~*~*~tactically~*~*~ (stealth).
 10482 | Lair:3   | 10482 ||| Stepping ~*~*~tactically~*~*~ (stealth).
 10483 | Lair:3   | 10483 ||| INVOKING Heroism.
 10488 | Lair:3   | Reached skill level 9 in Armour
 10499 | Lair:3   | 10499 ||| Stepping ~*~*~tactically~*~*~ (hiding).
 10522 | Lair:3   | 10522 ||| Stepping ~*~*~tactically~*~*~ (hiding).
 10533 | Lair:3   | Found a staircase to the Snake Pit.
 11084 | Lair:4   | 11084 ||| INVOKING Heroism.
 11108 | Lair:4   | 11108 ||| Stepping ~*~*~tactically~*~*~ (stealth).
 11110 | Lair:4   | 11110 ||| Stepping ~*~*~tactically~*~*~ (stealth).
 11172 | Lair:4   | 11172 ||| Stepping ~*~*~tactically~*~*~ (stealth).
 11173 | Lair:4   | 11173 ||| Stepping ~*~*~tactically~*~*~ (stealth).
 11210 | Lair:4   | Reached ***** piety under Okawaru
 11221 | Lair:4   | Reached XP level 13. HP: 68/82 MP: 19/19
 11768 | Lair:4   | 11768 ||| INVOKING Heroism.
 12048 | Lair:4   | Reached skill level 9 in Invocations
 12209 | Lair:5   | Entered Level 5 of the Lair of Beasts
 12210 | Lair:5   | 12210 ||| INVOKING Heroism.
 12211 | Lair:5   | 12211 ||| INVOKING Finesse.
 12213 | Lair:5   | Noticed Sonja
 12215 | Lair:5   | Received a gift from Okawaru
 12245 | Lair:5   | Killed Sonja
 12255 | Lair:5   | 12255 ||| INVOKING Heroism.
 12287 | Lair:5   | 12287 ||| INVOKING Heroism.
 12340 | Lair:5   | 12340 ||| INVOKING Heroism.
 12396 | Lair:5   | 12396 ||| INVOKING Heroism.
 12445 | Lair:5   | Reached skill level 13 in Axes
 12455 | Lair:5   | 12455 ||| INVOKING Heroism.
 12519 | Lair:5   | 12519 ||| INVOKING Heroism.
 12563 | Lair:5   | 12563 ||| INVOKING Heroism.
 12569 | Lair:5   | Noticed Snorg
 12586 | Lair:5   | Killed Snorg
 12595 | Lair:5   | Found a blossoming altar of Fedhas.
 12697 | Lair:5   | 12697 ||| Stepping ~*~*~tactically~*~*~ (stealth).
 12699 | Lair:5   | 12699 ||| Stepping ~*~*~tactically~*~*~ (stealth).
 12701 | Lair:5   | 12701 ||| Stepping ~*~*~tactically~*~*~ (stealth).
 12704 | Lair:5   | 12704 ||| Stepping ~*~*~tactically~*~*~ (stealth).
 12756 | Lair:5   | 12756 ||| INVOKING Heroism.
 12759 | Lair:5   | 12759 ||| READING scroll labelled PETSOE RUTECH.
 12760 | Lair:5   | 12760 ||| READING 6 scrolls of identify.
 12760 | Lair:5   | 12760 ||| IDENTIFYING glowing yellow potion
 12761 | Lair:5   | 12761 ||| DROPPING potion of invisibility.
 12790 | Lair:5   | 12790 ||| INVOKING Heroism.
 12820 | Lair:5   | 12820 ||| INVOKING Heroism.
 12881 | Lair:5   | 12881 ||| INVOKING Heroism.
 12957 | Lair:5   | 12957 ||| INVOKING Heroism.
 13007 | Lair:5   | Received a gift from Okawaru
 13009 | Lair:5   | 13009 ||| INVOKING Heroism.
 13016 | Lair:5   | Gained mutation: Your large and strong wings let you fly.
                  | [Gargoyle growth]
 13016 | Lair:5   | Reached XP level 14. HP: 46/88 MP: 19/21
 13016 | Lair:5   | 13016 ||| PLANNING LAIR
 13093 | Lair:5   | Reached skill level 14 in Axes
 13179 | Lair:5   | 13179 ||| SWAPPING to +1 heavy war axe.
 13180 | Lair:5   | 13180 ||| DROPPING +1 war axe of venom.
 13241 | Lair:5   | 13241 ||| Stepping ~*~*~tactically~*~*~ (stealth).
 13259 | Lair:5   | 13259 ||| INVOKING Heroism.
 13260 | Lair:5   | Received a gift from Okawaru
 13385 | Lair:5   | 13385 ||| INVOKING Heroism.
 13564 | Lair:5   | Identified the amulet of Red Wine {RegenMP Drain rCorr
                  | Int+3 Slay+3}
 13572 | Lair:5   | 13572 ||| READING scroll of acquirement.
 13572 | Lair:5   | 13572 ||| ACQUIRING +2 broad axe of venom
 13572 | Lair:5   | Acquired a +2 broad axe of venom
 13574 | Lair:5   | 13574 ||| SWAPPING to +2 broad axe of venom.
 13575 | Lair:5   | 13575 ||| DROPPING +1 heavy war axe.
 13606 | Lair:5   | 13606 ||| INVOKING Heroism.
 13614 | Lair:5   | 13614 ||| SWAPPING to +0 flail.
 13632 | Lair:5   | Received a gift from Okawaru
 13633 | Lair:5   | Reached skill level 12 in Shields
 13633 | Lair:5   | 13633 ||| SWAPPING to +2 broad axe of venom.
 13854 | Lair:5   | Found a runed translucent door.
 13854 | Lair:5   | Found a viscous altar of Jiyva.
 13854 | Lair:5   | Noticed an azure jelly
 13855 | Lair:5   | Found a staircase to the Slime Pits.
 14115 | Lair:5   | 14115 ||| PLANNING D:1-11
 14115 | Lair:5   | 14115 ||| UPGRADING to ring of resist corrosion.
 14388 | D:9      | 14388 ||| Stepping ~*~*~tactically~*~*~ (stealth).
 15344 | D:9      | 15344 ||| Stepping ~*~*~tactically~*~*~ (stealth).
 15349 | D:9      | Received a gift from Okawaru
 15417 | D:9      | 15417 ||| Stepping ~*~*~tactically~*~*~ (stealth).
 15553 | D:10     | Entered Level 10 of the Dungeon
 15591 | D:10     | 15591 ||| Stepping ~*~*~tactically~*~*~ (hiding).
 15606 | D:10     | 15606 ||| Stepping ~*~*~tactically~*~*~ (hiding).
 15791 | D:10     | Found a staircase to the Orcish Mines.
 15853 | D:10     | 15853 ||| Stepping ~*~*~tactically~*~*~ (hiding).
 15856 | D:10     | 15856 ||| Stepping ~*~*~tactically~*~*~ (hiding).
 15877 | D:10     | 15877 ||| Stepping ~*~*~tactically~*~*~ (stealth).
 15879 | D:10     | 15879 ||| Stepping ~*~*~tactically~*~*~ (hiding).
 15881 | D:10     | 15881 ||| Stepping ~*~*~tactically~*~*~ (hiding).
 15886 | D:10     | 15886 ||| DRINKING 7 potions of curing.
 15886 | D:10     | 15886 ||| (to cure confusion)
 15988 | D:10     | 15988 ||| Stepping ~*~*~tactically~*~*~ (hiding).
 15997 | D:10     | 15997 ||| Stepping ~*~*~tactically~*~*~ (stealth).
 16000 | D:10     | 16000 ||| Stepping ~*~*~tactically~*~*~ (hiding).
 16001 | D:10     | 16001 ||| Stepping ~*~*~tactically~*~*~ (hiding).
 16002 | D:10     | 16002 ||| Stepping ~*~*~tactically~*~*~ (hiding).
 16003 | D:10     | 16003 ||| Stepping ~*~*~tactically~*~*~ (hiding).
 16029 | D:10     | 16029 ||| Stepping ~*~*~tactically~*~*~ (hiding).
 16032 | D:10     | 16032 ||| Stepping ~*~*~tactically~*~*~ (hiding).
 16033 | D:10     | 16033 ||| Stepping ~*~*~tactically~*~*~ (hiding).
 16254 | D:10     | 16254 ||| Stepping ~*~*~tactically~*~*~ (hiding).
 16650 | D:11     | Noticed Fannar
 16651 | D:11     | 16651 ||| Stepping ~*~*~tactically~*~*~ (hiding).
 16652 | D:11     | 16652 ||| STAIRDANCE
 16706 | D:11     | 16706 ||| INVOKING Heroism.
 16715 | D:11     | HP: 15/90 [Fannar/staff of cold (13)]
 16716 | D:11     | 16716 ||| READING 4 scrolls of teleportation.
 16717 | D:11     | 16717 ||| DRINKING 6 potions of heal wounds.
 16717 | D:11     | Received a gift from Okawaru
 16721 | D:11     | Killed Fannar
 16894 | D:11     | 16894 ||| Stepping ~*~*~tactically~*~*~ (stealth).
 16914 | D:11     | 16914 ||| INVOKING Heroism.
 17244 | D:11     | Found Pamau's Antique Armour Shop.
 17260 | D:11     | 17260 ||| BUYING +1 cloak of Starlight {*Dazzle EV+4
                  | Stlth--} (1067 gold).
 17260 | D:11     | Bought the +1 cloak of Starlight {*Dazzle EV+4 Stlth--} for
                  | 1067 gold pieces
 17260 | D:11     | Found the +1 cloak of Starlight {*Dazzle EV+4 Stlth--}
 17260 | D:11     | 17260 ||| SHOPLISTING glimmering swamp dragon scales (1925
                  | gold, have 8).
 17260 | D:11     | 17260 ||| SHOPLISTING glowing fire dragon scales (2205
                  | gold, have 8).
 17260 | D:11     | 17260 ||| SHOPLISTING runed plate armour (910 gold, have
                  | 8).
 17281 | D:11     | 17281 ||| Stepping ~*~*~tactically~*~*~ (stealth).
 17284 | D:11     | 17284 ||| Stepping ~*~*~tactically~*~*~ (hiding).
 17285 | D:11     | 17285 ||| Stepping ~*~*~tactically~*~*~ (hiding).
 17450 | D:11     | Noticed Harold
 17457 | D:11     | Killed Harold
 17458 | D:11     | Reached skill level 6 in Throwing
 17505 | D:11     | 17505 ||| PLANNING D
 17505 | D:11     | 17505 ||| UPGRADING to +1 cloak of Starlight {*Dazzle EV+4
                  | Stlth--}.
 17510 | D:11     | 17510 ||| DROPPING ring of see invisible.
 17511 | D:11     | 17511 ||| UPGRADING to +5 ring of evasion.
 17513 | D:11     | 17513 ||| UPGRADING to ring of see invisible.
 17515 | D:11     | 17515 ||| READING 7 scrolls of identify.
 17515 | D:11     | 17515 ||| IDENTIFYING sedimented silvery potion
 17516 | D:11     | 17516 ||| DROPPING potion of ambrosia.
 17547 | D:12     | 17547 ||| PLANNING GAUNTLET
 17686 | D:12     | 17686 ||| INVOKING Heroism.
 17691 | D:12     | Received a gift from Okawaru
 17936 | D:12     | Found a gate leading to a gauntlet.
 17946 | Gauntlet | Entered a Gauntlet
 17946 | Gauntlet | Found a transporter.
 17956 | Gauntlet | Found a transporter.
 17970 | Gauntlet | Found a transporter.
 17975 | Gauntlet | Found a transporter.
 17990 | Gauntlet | Found a transporter.
 18009 | Gauntlet | Found a transporter.
 18021 | Gauntlet | Found a transporter.
 18027 | Gauntlet | Found a transporter.
 18029 | Gauntlet | Found a transporter.
 18046 | Gauntlet | Found a transporter.
 18052 | Gauntlet | Found a transporter.
 18071 | Gauntlet | Found a transporter.
 18083 | Gauntlet | Found a transporter.
 18100 | Gauntlet | Found a transporter.
 18117 | Gauntlet | Found a transporter.
 18119 | Gauntlet | Found a transporter.
 18146 | Gauntlet | Found a transporter.
 18341 | Gauntlet | Found a transporter.
 18377 | Gauntlet | Noticed an ironbound thunderhulk
 18377 | Gauntlet | 18377 ||| INVOKING Heroism.
 18381 | Gauntlet | Noticed a red very ugly thing
 18397 | Gauntlet | Noticed an ironbound thunderhulk
 18627 | Gauntlet | 18627 ||| INVOKING Heroism.
 18779 | Gauntlet | Identified the -1 helmet of the Lair of Beasts {MP+9 Str+3}
 18782 | Gauntlet | 18782 ||| DROPPING -1 helmet of the Lair of Beasts {MP+9
                  | Str+3}.
 18788 | Gauntlet | Identified the +8 battleaxe "Ifoqysysi" {distort, rN+ Str-5
                  | Dex+2}
 18789 | Gauntlet | 18789 ||| Stepping ~*~*~tactically~*~*~ (stealth).
 18792 | Gauntlet | 18792 ||| Stepping ~*~*~tactically~*~*~ (stealth).
 18803 | Gauntlet | 18803 ||| Stepping ~*~*~tactically~*~*~ (stealth).
 18819 | Gauntlet | 18819 ||| Stepping ~*~*~tactically~*~*~ (hiding).
 18822 | Gauntlet | 18822 ||| INVOKING Heroism.
 18843 | Gauntlet | Identified the +12 arbalest "Earthworm" {heavy, rElec rPois
                  | Int-3}
 18885 | D:12     | 18885 ||| PLANNING D
 19053 | D:12     | 19053 ||| Stepping ~*~*~tactically~*~*~ (hiding).
 19065 | D:12     | 19065 ||| Stepping ~*~*~tactically~*~*~ (hiding).
 19198 | D:12     | 19198 ||| PLANNING D
 19198 | D:12     | 19198 ||| INVOKING Heroism.
 19220 | D:12     | Received a gift from Okawaru
 19221 | D:12     | Reached XP level 15. HP: 48/94 MP: 22/22
 19222 | D:12     | Reached skill level 15 in Axes
 19377 | D:12     | 19377 ||| Stepping ~*~*~tactically~*~*~ (stealth).
 19378 | D:12     | 19378 ||| Stepping ~*~*~tactically~*~*~ (hiding).
 19379 | D:12     | 19379 ||| Stepping ~*~*~tactically~*~*~ (hiding).
 19389 | D:12     | 19389 ||| INVOKING Heroism.
 19835 | D:13     | Identified the +8 war axe "Leatauri" {freeze, *Slow rF+
                  | Dex+2}
 19880 | D:13     | 19880 ||| READING scroll of enchant weapon.
 19880 | D:13     | 19880 ||| ENCHANTING +2 broad axe of venom.
 20049 | D:13     | 20049 ||| INVOKING Heroism.
 20051 | D:13     | 20051 ||| READING 4 scrolls of teleportation.
 20177 | D:13     | 20177 ||| Stepping ~*~*~tactically~*~*~ (hiding).
 20182 | D:13     | Reached skill level 12 in Fighting
 20411 | D:13     | 20411 ||| Stepping ~*~*~tactically~*~*~ (stealth).
 20438 | D:13     | 20438 ||| INVOKING Heroism.
 20441 | D:13     | 20441 ||| READING 3 scrolls of teleportation.
 20746 | D:14     | 20746 ||| STAIRDANCE
 20800 | D:14     | 20800 ||| STAIRDANCE
 20803 | D:13     | 20803 ||| INVOKING Heroism.
 20810 | D:13     | Received a gift from Okawaru
 20914 | D:14     | 20914 ||| Stepping ~*~*~tactically~*~*~ (stealth).
 20938 | D:14     | 20938 ||| INVOKING Heroism.
 20954 | D:14     | Reached skill level 12 in Armour
 20979 | D:14     | 20979 ||| Stepping ~*~*~tactically~*~*~ (hiding).
 20982 | D:14     | Received a gift from Okawaru
 21066 | D:14     | 21066 ||| Stepping ~*~*~tactically~*~*~ (hiding).
 21067 | D:14     | 21067 ||| Stepping ~*~*~tactically~*~*~ (hiding).
 21080 | D:14     | 21080 ||| INVOKING Heroism.
 21162 | D:14     | 21162 ||| INVOKING Heroism.
 21188 | D:14     | Identified the +1 ring mail of Birdsong {rElec rN+ Dex-4
                  | SInv}
 21494 | D:14     | Found a gate to the Vaults.
 21544 | D:15     | Entered Level 15 of the Dungeon
 21561 | D:15     | 21561 ||| Stepping ~*~*~tactically~*~*~ (hiding).
 21562 | D:15     | 21562 ||| Stepping ~*~*~tactically~*~*~ (hiding).
 21563 | D:15     | 21563 ||| Stepping ~*~*~tactically~*~*~ (hiding).
 21567 | D:15     | Received a gift from Okawaru
 21583 | D:15     | 21583 ||| Stepping ~*~*~tactically~*~*~ (stealth).
 21679 | D:15     | Found Rimimn's Assorted Antiques.
 21703 | D:15     | 21703 ||| BUYING fine helmet (342 gold).
 21703 | D:15     | Bought a fine helmet for 342 gold pieces
 21703 | D:15     | Identified the +1 helmet of the Valley of Death {Str+3}
                  | (You bought it in a shop on level 15 of the Dungeon)
 21703 | D:15     | 21703 ||| BUYING potion of curing (108 gold).
 21703 | D:15     | Bought a potion of curing for 108 gold pieces
 21703 | D:15     | 21703 ||| SHOPLISTING potion of mutation (288 gold, have
                  | 92).
 21703 | D:15     | 21703 ||| SHOPLISTING scroll of teleportation (108 gold,
                  | have 92).
 21730 | D:15     | 21730 ||| INVOKING Heroism.
 21813 | D:15     | Reached skill level 16 in Axes
 21823 | D:15     | Received a gift from Okawaru
 21835 | D:15     | 21835 ||| INVOKING Heroism.
 21837 | D:15     | HP: 17/96 [red ugly thing (20)]
 21838 | D:15     | 21838 ||| READING 2 scrolls of teleportation.
 21839 | D:15     | 21839 ||| DRINKING 6 potions of heal wounds.
 21840 | D:15     | 21840 ||| DRINKING 5 potions of heal wounds.
 21842 | D:15     | Found a transporter.
 21842 | D:15     | Found a transporter.
 21842 | D:15     | Found a transporter.
 21842 | D:15     | Found a transporter.
 22025 | D:15     | 22025 ||| Stepping ~*~*~tactically~*~*~ (stealth).
 22027 | D:15     | 22027 ||| Stepping ~*~*~tactically~*~*~ (stealth).
 22028 | D:15     | 22028 ||| Stepping ~*~*~tactically~*~*~ (stealth).
 22029 | D:15     | 22029 ||| Stepping ~*~*~tactically~*~*~ (stealth).
 22030 | D:15     | 22030 ||| Stepping ~*~*~tactically~*~*~ (stealth).
 22032 | D:15     | 22032 ||| INVOKING Heroism.
 22173 | D:15     | 22173 ||| Stepping ~*~*~tactically~*~*~ (hiding).
 22297 | D:15     | Found a stormy altar of Qazlal.
 22325 | D:15     | 22325 ||| INVOKING Heroism.
 22330 | D:15     | Reached skill level 3 in Dodging
 22398 | D:15     | 22398 ||| INVOKING Heroism.
 22522 | D:15     | Found a staircase to the Depths.
 22666 | Abyss:2  | Cast into level 2 of the Abyss (a wizard)
 22709 | Abyss:2  | 22709 ||| Stepping ~*~*~tactically~*~*~ (stealth).
 22713 | Abyss:2  | 22713 ||| Stepping ~*~*~tactically~*~*~ (stealth).
 22723 | Abyss:2  | 22723 ||| INVOKING Heroism.
 22727 | Abyss:2  | Received a gift from Okawaru
 22744 | Abyss:2  | Reached XP level 16. HP: 35/101 MP: 23/23
 22807 | Abyss:2  | 22807 ||| Stepping ~*~*~tactically~*~*~ (stealth).
 22828 | Abyss:2  | 22828 ||| Stepping ~*~*~tactically~*~*~ (stealth).
 22908 | Abyss:2  | 22908 ||| Stepping ~*~*~tactically~*~*~ (stealth).
 22952 | Abyss:2  | Received a gift from Okawaru
 22975 | Abyss:2  | 22975 ||| Stepping ~*~*~tactically~*~*~ (stealth).
 22976 | Abyss:2  | 22976 ||| Stepping ~*~*~tactically~*~*~ (stealth).
 22998 | Abyss:2  | Found a corrupted altar of Lugonu.
 23034 | Abyss:2  | 23034 ||| Stepping ~*~*~tactically~*~*~ (stealth).
 23053 | Abyss:2  | 23053 ||| Stepping ~*~*~tactically~*~*~ (hiding).
 23054 | Abyss:2  | 23054 ||| Stepping ~*~*~tactically~*~*~ (hiding).
 23069 | Abyss:2  | 23069 ||| Stepping ~*~*~tactically~*~*~ (stealth).
 23071 | Abyss:2  | 23071 ||| Stepping ~*~*~tactically~*~*~ (stealth).
 23074 | Abyss:2  | 23074 ||| Stepping ~*~*~tactically~*~*~ (stealth).
 23076 | Abyss:2  | 23076 ||| Stepping ~*~*~tactically~*~*~ (hiding).
 23076 | Abyss:2  | Noticed a tentacled starspawn
 23084 | Abyss:2  | Killed a tentacled starspawn
 23087 | Abyss:2  | Paralysed by accursed screaming for 1 turns
 23088 | Abyss:2  | 23088 ||| INVOKING Heroism.
 23118 | Abyss:2  | HP: 16/101 [yellow draconian/+0 trident (13)]
 23119 | Abyss:2  | 23119 ||| READING scroll of teleportation.
 23120 | Abyss:2  | 23120 ||| DRINKING 4 potions of heal wounds.
 23243 | Abyss:2  | 23243 ||| Stepping ~*~*~tactically~*~*~ (stealth).
 23245 | Abyss:2  | 23245 ||| Stepping ~*~*~tactically~*~*~ (stealth).
 23246 | Abyss:2  | 23246 ||| INVOKING Heroism.
 23347 | Abyss:2  | 23347 ||| Stepping ~*~*~tactically~*~*~ (hiding).
 23348 | Abyss:2  | 23348 ||| Stepping ~*~*~tactically~*~*~ (hiding).
 23365 | Abyss:2  | 23365 ||| Stepping ~*~*~tactically~*~*~ (stealth).
 23419 | Abyss:2  | 23419 ||| Stepping ~*~*~tactically~*~*~ (stealth).
 23421 | Abyss:2  | 23421 ||| Stepping ~*~*~tactically~*~*~ (hiding).
 23429 | Abyss:2  | 23429 ||| INVOKING Heroism.
 23444 | D:15     | Escaped the Abyss
 23467 | Abyss:2  | Cast into level 2 of the Abyss (a wizard)
 23468 | Abyss:2  | 23468 ||| Stepping ~*~*~tactically~*~*~ (stealth).
 23469 | Abyss:2  | 23469 ||| Stepping ~*~*~tactically~*~*~ (stealth).
 23553 | Abyss:2  | 23553 ||| UPGRADING to +1 helmet of the Valley of Death
                  | {Str+3}.
 23563 | Abyss:2  | 23563 ||| DROPPING +2 helmet.
 23573 | D:15     | Escaped the Abyss
 23705 | D:15     | Reached skill level 17 in Axes
 23939 | D:15     | 23939 ||| PLANNING ORC
 24072 | Orc:1    | Entered Level 1 of the Orcish Mines
 24075 | Orc:1    | 24075 ||| INVOKING Heroism.
 24085 | Orc:1    | Found a runed translucent gate.
 24085 | Orc:1    | Found a runed translucent gate.
 24102 | Orc:1    | Noticed Dinant's ghost (journeyman DsMo)
 24136 | Orc:1    | Found a runed translucent gate.
 24139 | Orc:1    | 24139 ||| DROPPING +0 flail.
 24174 | Orc:1    | 24174 ||| Stepping ~*~*~tactically~*~*~ (stealth).
 24387 | Orc:1    | 24387 ||| Stepping ~*~*~tactically~*~*~ (hiding).
 24389 | Orc:1    | 24389 ||| INVOKING Heroism.
 24408 | Orc:1    | HP: 22/103 [orc knight/+2 battleaxe (38)]
 24408 | Orc:1    | Mangled by an orc knight

Levels and vault maps discovered:
D:1:      wheals_arrival_linesprint, layout_loops_ring, patterned_corridor
D:2:      layout_basic
D:3:      layout_basic, serial_shops, nicolae_shop_tiny_statue_garden,
          minmay_three_crescents, uniq_natasha
D:4:      layout_loops_ring, serial_co_window_serial, co_window_paths_b,
          co_window_of_opportunity_a, co_window_corner_a, co_window_paths_a,
          co_window_corner_a, co_window_of_opportunity_c, co_window_2corner,
          co_window_2corner, co_window_corner_b, co_window_unsneaky_path_a,
          glass_columns_b, glass_columns_b, nicolae_take_the_stairs,
          nicolae_nh_ransacked_shop, uniq_pikel, uniq_ijyb
D:5:      layout_cave_pools
D:6:      layout_rooms, amethyst_overflow_temple_binary, minmay_fountain_box
D:7:      layout_loops_ring, minmay_temple_entry_trees, lightli_orcish_oven
D:8:      layout_basic, due_lair_maze_entry_diamond, nzn_ghost_randoct
D:9:      layout_grid_maze
D:10:     layout_long_grid, orc_0_dummy
D:11:     layout_small_grid, serial_shops, shop, uniq_fannar, uniq_harold
D:12:     cheibrodos_breeding_chamber, layout_irregular_city,
          gauntlet_entry_generic
D:13:     layout_basic
D:14:     layout_cross, ximxim_vaults_locker_room, kennysheep_flooded_box,
          minmay_misc_feat_ornament
D:15:     hangedman_depths_entry_try_elsewhere_first, layout_irregular_city,
          serial_shops, shop_coins, nicolae_qazlal_style_of_elements,
          serial_demonic, serial_demonic_a, serial_demonic_b, serial_demonic_g,
          serial_demonic_a, nicolae_diode_quadrants
Temple:   mainiacjoe_temple_big_plus
Lair:1:   layout_cave_shapes, serial_bayou_crossing, serial_bayou_shore_b,
          uniq_grum
Lair:2:   layout_gridlike, nicolae_shoals_entry_roost, minivault_23,
          st_stairs_10, grunt_megastairs_5
Lair:3:   layout_misc_corridors, guppyfry_snake_entry_island, st_stairs_10,
          chequers_serial_rivers_micro_a
Lair:4:   layout_small_grid
Lair:5:   minmay_lair_end_frog_pond, layout_gridlike, slime_entry_2,
          basic_altar, uniq_snorg, uniq_sonja
Orc:1:    layout_caves, special_room [special_room_orc],
          gammafunk_ghost_fury_of_okawaru, serial_shops,
          nicolae_shop_overgrown_old_shop

Skill      XL: |  1  2  3  4  5  6  7  8  9 10 11 12 13 14 15 16 |
---------------+-------------------------------------------------+-----
Axes           | 2 3 4 5 7 9 10 11 12 13 14 16 17 | 17.0
Shields        | 4 5 7 8 9 10 11 12 13 | 13.0
Fighting       | 4 5 6 8 9 10 11 12 | 12.5
Dodging        | 1 2 3 |  3.0
Armour         | 4 5 6 8 9 10 11 12 | 12.0
Invocations    | 4 8 10 | 10.0
Throwing       | 2 3 4 6 7 |  7.0

Action                     |  1- 3 |  4- 6 |  7- 9 | 10-12 | 13-15 | 16-18 || total
---------------------------+-------+-------+-------+-------+-------+-------++-------
  Melee: War axe           |    94 |   121 |   271 |   460 |   422 |       ||  1368
         Flail             |       |       |       |    17 |    18 |       ||    35
         Broad axe         |       |       |       |       |   661 |   239 ||   900
  Throw: Javelin           |       |       |       |    69 |   161 |    41 ||   271
         Boomerang         |       |       |       |       |       |     1 ||     1
 Invoke: Heroism           |       |       |       |    26 |    38 |     5 ||    69
         Finesse           |       |       |       |       |     1 |       ||     1
    Use: Scroll            |     5 |     8 |    10 |     6 |     9 |     1 ||    39
         Potion            |       |     3 |     2 |       |     4 |     1 ||    10
   Stab: Invisible         |       |       |       |       |    14 |     2 ||    16
         Distracted        |       |       |       |       |       |     1 ||     1
 Armour: Scale mail        |    46 |    67 |    55 |       |       |       ||   168
         Plate armour      |       |       |    83 |   329 |   456 |    52 ||   920
  Dodge: Dodged            |    28 |    38 |    47 |   139 |   299 |    87 ||   638
  Block: Buckler           |     9 |       |       |       |       |       ||     9
         Kite shield       |    29 |    76 |   134 |   427 |   994 |   221 ||  1881
         Reflection        |       |       |       |     2 |    28 |     4 ||    34

Table legend:
 A = Non-vault XP
 B = Vault XP
 C = Vault XP percentage of total XP
 D = Non-vault monster count
 E = Vault monster count
 F = Vault count percentage of total count
                 A         B        C        D         E       F
            +---------+---------+-------+---------+---------+-------
      Total |  110718 |   38943 |  26.0 |     528 |     129 |  19.6
            +---------+---------+-------+---------+---------+-------
        D:1 |      22 |       0 |   0.0 |      12 |       0 |   0.0
        D:2 |      82 |       0 |   0.0 |      20 |       0 |   0.0
        D:3 |      93 |      57 |  38.0 |      18 |       7 |  28.0
        D:4 |     547 |     828 |  60.2 |      20 |       5 |  20.0
        D:5 |     504 |       0 |   0.0 |      16 |       0 |   0.0
        D:6 |     303 |       0 |   0.0 |      14 |       0 |   0.0
        D:7 |    1081 |      15 |   1.4 |      32 |       5 |  13.5
        D:8 |    1971 |    1393 |  41.4 |      21 |      10 |  32.3
        D:9 |    3186 |       0 |   0.0 |      23 |       0 |   0.0
       D:10 |    1643 |       0 |   0.0 |      25 |       0 |   0.0
       D:11 |    4520 |    1748 |  27.9 |      17 |       2 |  10.5
       D:12 |    2717 |    5703 |  67.7 |      11 |       9 |  45.0
       D:13 |    5784 |       0 |   0.0 |      17 |       0 |   0.0
       D:14 |    9143 |    3492 |  27.6 |      13 |      11 |  45.8
       D:15 |   14484 |    6567 |  31.2 |      30 |      15 |  33.3
     Lair:1 |    5896 |     417 |   6.6 |      26 |       3 |  10.3
     Lair:2 |    1749 |    1574 |  47.4 |       8 |       5 |  38.5
     Lair:3 |    8559 |     859 |   9.1 |      26 |       4 |  13.3
     Lair:4 |    9094 |       0 |   0.0 |      25 |       0 |   0.0
     Lair:5 |   20371 |   11194 |  35.5 |      67 |      35 |  34.3
      Orc:1 |    3319 |    1408 |  29.8 |      40 |       4 |   9.1
    Abyss:2 |   15650 |       0 |   0.0 |      47 |       0 |   0.0
   Gauntlet |       0 |    3688 | 100.0 |       0 |      14 | 100.0
            +---------+---------+-------+---------+---------+-------
